 Dungeon Crawl Stone Soup version 0.22-a0-355-g201945f (webtiles) character file.

44 Amnesiac the Conjurer (level 3, 0/16 HPs)
             Began as a Vine Stalker Conjurer on Apr 17, 2018.
             Was a Believer of Lugonu.
             Slain by an orc priest
             ... wielding a +0 flail
              (2 damage)
             ... on level 3 of the Dungeon.
             The game lasted 00:02:06 (1416 turns).

Amnesiac the Conjurer (Vine Stalker Conjurer)       Turns: 1416, Time: 00:02:07

Health: 0/16       AC:  2    Str: 10    XL:     3   Next: 60%
Magic:  0/7        EV: 12    Int: 16    God:    Lugonu [**....]
Gold:   106        SH:  0    Dex: 14    Spells: 6/7 levels left

rFire    . . .     SeeInvis +   d - +0 dagger
rCold    . . .     Gourm    .   (no shield)
rNeg     . . .     Faith    .   a - +0 robe
rPois    .         Spirit   +   (no helmet)
rElec    .         Reflect  .   (no cloak)
rCorr    .         Harm     .   (no gloves)
MR       .....                  (no boots)
Stlth    ++........             (no amulet)
HPRegen  0.05/turn              k - ring of see invisible
MPRegen  0.10/turn              (no ring)

@: no status effects
A: fangs 2, magic shield, antimagic bite, no potion heal 3, rot immunity
a: Depart the Abyss, Bend Space, Renounce Religion


You were on level 3 of the Dungeon.
You worshipped Lugonu.
Lugonu was pleased with you.
You were not hungry.

You visited 1 branch of the dungeon, and saw 3 of its levels.

You collected 106 gold pieces.

Inventory:

Hand Weapons
 d - a +0 dagger (weapon)
Armour
 a - a +0 robe (worn)
Jewellery
 k - a ring of see invisible (left hand)
Scrolls
 b - a scroll of random uselessness {!r, unknown}
 e - a scroll of magic mapping {!r, unknown}
 f - a scroll of immolation {!r, unknown}
 h - 2 scrolls of identify {!r}
Potions
 i - a potion of mutation {!q, unknown}
 j - a potion of curing {!q}
Comestibles
 c - 7 rations


   Skills:
 - Level 1.5 Dodging
 - Level 2.4 Stealth
 + Level 2.5 Spellcasting
 - Level 5.0 Conjurations


You had 6 spell levels left.
You knew the following spells:

 Your Spells              Type           Power        Failure   Level  Hunger
a - Magic Dart            Conj           ###.         2%          1    #......


Dungeon Overview and Level Annotations

Branches:
Dungeon (3/15)

Altars:
Qazlal
Lugonu


Innate Abilities, Weirdness & Mutations

You have extremely sharp teeth.
When hurt, damage is shared between your health and your magic reserves.
Your bite disrupts and absorbs the magic of your enemies.
Potions cannot restore your health.
You are immune to rotting.


Message History

An orc priest comes into view. It is wielding a flail.
A worm and 2 orcs come into view.
An orc wizard comes into view. It is wielding a dagger.
The orc shouts!
An orc comes into view. It is wielding a club.
There is an open door here.
You hit the ooze. You bite the ooze. You drain its power.
You feel invigorated.
The ooze is heavily wounded.
The ooze hits you.
You hit the ooze. You bite the ooze, but do no damage.
The ooze is severely wounded.
The ooze hits you.
You barely miss the ooze.
The ooze is severely wounded.
The ooze hits you.
You hit the ooze.
You kill the ooze!
Lugonu accepts your kill.
Training target 5.0 for Conjurations reached!
Your Conjurations skill increases to level 5!
You need to enable at least one skill for training.
Really read
h - 3 scrolls labeled PIUDGH WIOTA {!r}?
As you read the scroll labeled PIUDGH WIOTA {!r}, it crumbles to dust.
It is a scroll of identify.
j - a potion of curing {!q} The orc barely misses you.
The orc priest casts a cantrip, but nothing happens.
Really read
g - a scroll labeled BASTRE PEROCVIWN {!r}?
As you read the scroll labeled BASTRE PEROCVIWN {!r}, it crumbles to dust.
You feel blessed for a moment.
It was a scroll of remove curse {!r}.
You hear the slow rusting of a drain nearby.
You hit the orc priest. You bite the orc priest. You drain its power.
You feel invigorated.
The orc priest is moderately wounded.
The orc closely misses you. The orc priest hits you with a flail.
You barely miss the orc priest.
The orc priest is moderately wounded.
The orc hits you with a dagger.
* * * LOW HITPOINT WARNING * * *
The orc priest closely misses you.
Casting: Magic Dart (safe; 2% risk of failure)
Confirm with . or Enter, or press ? or * to list all spells.
Aiming: Magic Dart (safe; 2% risk of failure)
Press: ? - help, Shift-Dir - straight line, f - orc
Aim: an orc, wielding a dagger The magic dart hits the orc.
The orc is severely wounded.
The orc hits you but does no damage. The orc priest hits you with a flail.
* * * LOW HITPOINT WARNING * * *
Casting: Magic Dart (safe; 2% risk of failure)
Confirm with . or Enter, or press ? or * to list all spells.
Aiming: Magic Dart (safe; 2% risk of failure)
Press: ? - help, Shift-Dir - straight line, f/p - orc
Aim: an orc, wielding a dagger (severely wounded)
The magic dart hits the orc.
You kill the orc!
Lugonu accepts your kill.
Casting: Magic Dart (safe; 2% risk of failure)
Confirm with . or Enter, or press ? or * to list all spells.
Okay, then.
You hit the orc priest.
The orc priest is moderately wounded.
The orc priest hits you with a flail.
You die...

#.......# . #.......# .o.
#[......# ....### #.......#
≈...o..########.......#
≈.....o..o....##'########
≈......##o######........#####
....... #.######'####........
..so... #.##@..........).....
w...... #ooo)................


oo..... ####...............). ....... #................. #####+#
##########....†... #######.# ###.....# .....>..##########.###
...............>...# ########.############ You could see 2 orc priests and an
orc.

Vanquished Creatures
  An ooze (D:3)
  3 dart slugs
  An orc (D:3)
  2 giant cockroaches (D:1)
  4 hobgoblins
  4 jackals (D:2)
  3 kobolds
  A quokka (D:2)
  4 bats
  A frilled lizard (D:3)
  3 goblins
  4 rats
31 creatures vanquished.

Notes
Turn   | Place    | Note
-------+----------+-------------------------------------------
     0 | D:1      | Amnesiac the Vine Stalker Conjurer began the quest for the Orb.
     0 | D:1      | Reached XP level 1. HP: 9/9 MP: 4/4
   183 | D:2      | Found a stormy altar of Qazlal.
   185 | D:2      | Noticed an earth elemental
   186 | D:2      | Noticed an air elemental
   186 | D:2      | Noticed a water elemental
   186 | D:2      | Noticed a fire elemental
   209 | D:2      | Reached XP level 2. HP: 6/13 MP: 0/6
   960 | D:2      | Found a faded altar of an unknown god.
   979 | D:2      | Became a worshipper of Lugonu the Unformed
   979 | D:2      | Reached * piety under Lugonu
   979 | D:2      | Reached ** piety under Lugonu
  1078 | D:2      | Reached XP level 3. HP: 7/16 MP: 7/7
  1408 | D:3      | Reached skill level 5 in Conjurations
  1416 | D:3      | Slain by an orc priest

Vault maps used:
D:1:      minmay_arrival_stair_chambers
D:2:      zin_statuary, lemuel_crystal_altar, nicolae_qazlal_style_of_elements,
          chequers_ecumenical_altar_lobes, grunt_decor_fettered,
          nemelex_diamond_rough_becter, uniq_jessica
D:3:      fiery_altar_vehumet, portal_sewer_entry_a, minmay_misc_feat_room

Skill      XL: |  1  2  3 |
---------------+----------+-----
Conjurations   | 5 |  5.0
Dodging        | |  1.5
Stealth        | |  2.4
Spellcasting   | |  2.5

Action                   || total
-------------------------++-------
Melee: Unarmed           ||     5
       Dagger            ||    44
       Bite              ||    15
 Cast: Magic Dart        ||    54
  Use: Scroll            ||     2
  Eat: Chunk             ||     2
Armor: Robe              ||     6
Dodge: Dodged            ||    42

Table legend:
 A = Spawn XP
 B = Non-spawn XP
 C = Spawn XP percentage of total XP
 D = Spawn monster count
 E = Non-spawn monster count
 F = Spawn count percentage of total count
 G = Total turns spent on level
                    A         B        C        D         E        F      G
               +---------+---------+-------+---------+---------+-------+---------
         Total |       0 |      63 |   0.0 |       0 |      31 |   0.0 |  1416
               +---------+---------+-------+---------+---------+-------+---------
           D:1 |       0 |      15 |   0.0 |       0 |       7 |   0.0 |   793
           D:2 |       0 |      21 |   0.0 |       0 |      12 |   0.0 |   466
           D:3 |       0 |      27 |   0.0 |       0 |      12 |   0.0 |   157
               +---------+---------+-------+---------+---------+-------+---------
